 Dungeon Crawl Stone Soup version 0.28-a0-1235-g7c8fac35f0 (webtiles) character file.

Game seed: 11937615386585789858

2668 r3xj the Basher (level 9, -4/82 HPs)
             Began as a Minotaur Fighter on Dec 24, 2021.
             Slain by a death knight (31 damage)
             ... on level 7 of the Dungeon.
             The game lasted 00:12:50 (7594 turns).

r3xj the Basher (Minotaur Fighter)                  Turns: 7594, Time: 00:12:51

Health: -4/82      AC:  9    Str: 25    XL:     9   Next: 37%
Magic:  8/8        EV: 10    Int:  5    God:
Gold:   778        SH:  5    Dex: 10    Spells: 8/8 levels left

rFire   + . .      SeeInvis .   g - +1 flail (venom)
rCold   + . .      Faith    .   c - +0 buckler
rNeg    . . .      Spirit   .   b - +0 scale mail
rPois   .          Reflect  .   (helmet restricted)
rElec   .          Harm     .   A - scarf {rC+ rF+}
rCorr   .          Rampage  .   (no gloves)
Will    .....                   p - +0 pair of boots
Stlth   ..........              r - amulet of regeneration
HPRegen 1.03/turn               (no ring)
MPRegen 0.11/turn               (no ring)

@: mighty
A: horns 2, retaliatory headbutt
a: no special abilities


You were on level 7 of the Dungeon.
You visited 2 branches of the dungeon, and saw 8 of its levels.
You also visited: Ossuary.

You collected 778 gold pieces.

Inventory:

Hand Weapons
 a - a +0 flail
 g - a +1 flail of venom (weapon)
Missiles
 h - 34 poisoned darts (quivered)
 C - a throwing net
Armour
 b - a +0 scale mail (worn)
 c - a +0 buckler (worn)
 i - a scarf of shadows
 p - a +0 pair of boots (worn)
 v - a +0 kite shield
 A - a scarf of resistance (worn)
Jewellery
 r - an amulet of regeneration (around neck)
 y - a +4 ring of evasion
Scrolls
 m - a scroll of enchant armour {unknown}
 o - a scroll of blinking {unknown}
 q - a scroll of brand weapon {unknown}
 t - 4 scrolls of teleportation {unknown}
 u - 3 scrolls of identify {unknown}
 w - a scroll of magic mapping {unknown}
 x - a scroll of torment {unknown}
 z - a scroll of enchant weapon {unknown}
 B - a scroll of vulnerability {unknown}
 D - a scroll of summoning {unknown}
 E - a scroll of amnesia {unknown}
Potions
 d - 2 potions of might
 e - a potion of cancellation {unknown}
 f - a potion of mutation {unknown}
 j - 3 potions of haste {unknown}
 k - 4 potions of curing {unknown}
 l - a potion of heal wounds {unknown}
 n - a potion of brilliance {unknown}
 s - a potion of flight {unknown}


   Skills:
 + Level 8.3 Fighting
 * Level 9.7 Maces & Flails
 + Level 8.3 Armour
 + Level 7.1 Shields


You had 8 spell levels left.
You didn't know any spells.
Your spell library contained the following spells:

 Spells                   Type           Power      Damage    Failure   Level
 Ensorcelled Hibernation  Hex/Ice        0%         N/A       86%         2
 Tukima's Dance           Hex            0%         N/A       98%         3


Dungeon Overview and Level Annotations

Branches:
Dungeon (7/15)             Temple (1/1) D:6         Ossuary (visited)

Altars:
Ashenzari
Cheibriados
Dithmenos
Elyvilon
Fedhas
Gozag
Hepliaklqana
Kikubaaqudgha
Makhleb
Qazlal
Ru
Sif Muna
Trog
Uskayaw
Vehumet
Wu Jian
Xom
Yredelemnul
The Shining One
Lugonu

Portals:
Abyss: D:6

Annotations:
D:6 2 transporters


Innate Abilities, Weirdness & Mutations

You have a pair of horns on your head.
You reflexively headbutt those who attack you in melee.


Message History

The sky beast flickers out of sight!
Deactivating autopickup; reactivate with Ctrl-A.
Found a robe.
There are monsters nearby!
There are monsters nearby!
There are monsters nearby!
There are monsters nearby!
You thump something! Something hits you. Something shocks you.
You feel very mighty all of a sudden.
The death knight hits you but does no damage.
Something hits you. Something shocks you.
You barely miss something. Your headbutt misses something.
The death knight hits you from afar with a +2 glaive.
Something hits you but does no damage.
You sock something! Your headbutt misses something.
The death knight barely misses you.
You thump something!
Reactivating autopickup.
You feel a bit more experienced.
Your Shields skill increases to level 7!
You sock the scorpion!
The scorpion is severely wounded.
The scorpion stings you but does no damage.
The death knight hits you from afar with a +2 glaive.
The scorpion stings you but does no damage.
You bludgeon the scorpion!!
You kill the scorpion!
The death knight offers itself to Yredelemnul, and fills with unholy energy.
You bludgeon the wight!!
You destroy the wight!
The death knight hits you from afar with a +2 glaive.
The death knight hits you with a +2 glaive!
There is an open door, spattered with blood here.
Things that are here:
a +0 dagger; a +0 robe; a scorpion corpse You bludgeon the death knight!!
The death knight is moderately wounded.
The death knight reflects your damage back at you!
The death knight hits you with a +2 glaive!!
You die...

♣.♣♣#♣...♣#♣...♣#.#.#....
♣.......)......#...#....
♣.♣♣#♣...♣#♣...♣#...#.###
♣♣.♣♣ ♣♣.♣♣#.#......
###.### #.♣ #.#.#.###
#.....# ♣.♣♣#...#....
#.♣♣♣.# ♣♣.♣#.#....)#
#.....#♣♣.♣♣#.#..<#.#
#.##@##♣.♣♣♣#.#...#.#
#.p# ♣...♣#.#.#.#.#
#..##.###.#.#.#...#
#[###. #...#.#...# #+ #.
#.).#.#...# #.
#.).#.#...# .# #.
#.#.#.###.. ..# #♣
..♣#.#...... ..# ♣.♣♣
#.######.


You could see a death knight (reflects damage).

Vanquished Creatures
  An unseen horror (D:6)
  A steam dragon (D:6)
  A water moccasin (D:6)
  An ice beast (D:6)
  2 sky beasts (D:7)
  2 black bears
  2 centaurs
  An ogre (D:6)
  A phantom (Temple)
  A scorpion (D:7)
  A wyvern zombie (D:5)
  A bullfrog (D:7)
  2 water moccasin skeletons
  4 killer bees (D:5)
  A wight (D:7)
  2 centaur zombies (Ossuary)
  A crimson imp (D:5)
  A human zombie (Ossuary)
  A bullfrog zombie (D:5)
  3 hounds
  3 orc priests
  2 jellies
  5 iguanas
  Natasha (thrice) (D:2)
  An orc wizard (D:7)
  A killer bee zombie (D:6)
  2 mummies (Ossuary)
  A howler monkey zombie (D:6)
  A gnoll (D:7)
  A howler monkey skeleton (D:3)
  5 adders
  2 white imps
  An adder skeleton (D:4)
  3 worms
  The ghost of bearlyready the Sneak, a weakling HODe (D:4)
  18 orcs
  9 ball pythons
  6 endoplasms
  6 giant cockroaches
  11 goblins
  3 hobgoblins
  3 jackals (D:1)
  7 kobolds
  8 quokkas
  3 bats
  3 frilled lizards
  3 gnoll zombies (Ossuary)
  2 goblin zombies (Ossuary)
  3 hobgoblin zombies (Ossuary)
  3 orc zombies (Ossuary)
  7 rats
157 creatures vanquished.

Vanquished Creatures (others)
  6 plants (D:6)
6 creatures vanquished.

Grand Total: 163 creatures vanquished

Notes
Turn   | Place    | Note
-------+----------+-------------------------------------------
     0 | D:1      | r3xj the Minotaur Fighter began the quest for the Orb.
     0 | D:1      | Reached XP level 1. HP: 19/19 MP: 0/0
   258 | D:1      | Reached XP level 2. HP: 27/27 MP: 1/1
   813 | D:1      | Found a faded altar of an unknown god.
   820 | D:1      | Reached skill level 3 in Maces & Flails
   948 | D:1      | Reached XP level 3. HP: 33/33 MP: 2/2
  1363 | D:2      | Noticed Natasha
  1367 | D:2      | Killed Natasha
  1425 | D:2      | Noticed Natasha
  1430 | D:2      | Killed Natasha
  1431 | D:2      | Reached XP level 4. HP: 27/41 MP: 3/3
  1539 | D:2      | Found a white marble altar of Elyvilon.
  1669 | D:2      | Noticed Natasha
  1676 | D:2      | Killed Natasha
  2044 | D:2      | Found a white marble altar of Elyvilon.
  2368 | D:3      | Reached skill level 5 in Fighting
  2368 | D:3      | Reached skill level 4 in Maces & Flails
  2368 | D:3      | Reached skill level 5 in Armour
  2368 | D:3      | Reached XP level 5. HP: 45/48 MP: 4/4
  2743 | D:3      | Found an ornate altar of the Wu Jian Council.
  3554 | D:4      | Noticed bearlyready's ghost (weakling HODe)
  3569 | D:4      | Found a runed translucent gate.
  3580 | D:4      | Noticed a black bear
  3585 | D:4      | Killed a black bear
  3586 | D:4      | Reached XP level 6. HP: 54/57 MP: 5/5
  3677 | D:4      | Found an ancient bone altar of Kikubaaqudgha.
  3679 | D:4      | Found a runed translucent gate.
  3680 | D:4      | Found a runed translucent gate.
  3741 | D:4      | Reached skill level 5 in Maces & Flails
  3936 | D:4      | Killed bearlyready's ghost
  4040 | D:5      | Entered Level 5 of the Dungeon
  4106 | D:5      | Found a shimmering blue altar of Sif Muna.
  4133 | D:5      | Found a blossoming altar of Fedhas.
  4135 | D:5      | Found an opulent altar of Gozag.
  4334 | D:5      | Reached XP level 7. HP: 39/63 MP: 6/6
  4543 | D:5      | Reached skill level 6 in Maces & Flails
  4587 | D:5      | Found a hide-covered altar of Uskayaw.
  4592 | D:5      | Found a glowing silver altar of Zin.
  4592 | D:5      | Found a shimmering altar of Xom.
  4599 | D:5      | HP: 3/64 [poisoned by a killer bee]
  4601 | D:5      | HP: 1/64 [poisoned by a killer bee]
  4665 | D:5      | Found a burning altar of Makhleb.
  4684 | D:5      | Found a sand-covered staircase.
  4691 | Ossuary  | Entered an ossuary
  5248 | Ossuary  | Reached skill level 5 in Shields
  5378 | D:5      | Reached skill level 7 in Maces & Flails
  5378 | D:5      | Reached XP level 8. HP: 55/71 MP: 7/7
  5636 | D:5      | Found a snail-covered altar of Cheibriados.
  5636 | D:5      | Found a bloodstained altar of Trog.
  5636 | D:5      | Found a shadowy altar of Dithmenos.
  5782 | D:6      | Found a staircase to the Ecumenical Temple.
  5798 | Temple   | Entered the Ecumenical Temple
  5878 | D:6      | Reached skill level 8 in Maces & Flails
  6243 | D:6      | Killed an unseen horror
  6244 | D:6      | Reached skill level 9 in Maces & Flails
  6244 | D:6      | Reached XP level 9. HP: 52/81 MP: 8/8
  6309 | D:6      | Found a transporter.
  6541 | D:6      | Found a transporter.
  6723 | D:6      | Found a one-way gate to the infinite horrors of the Abyss.
  7356 | D:7      | Found a radiant altar of Vehumet.
  7584 | D:7      | Noticed a death knight
  7594 | D:7      | Slain by a death knight

Illustrated notes

Levels and vault maps discovered:
D:1:      dpeg_chamrin_arrival_tetris, layout_loops_ring,
          hellmonk_ecumenical_altar_slurped_away
D:2:      layout_rooms, basic_altar, uniq_natasha
D:3:      layout_basic, nicolae_wu_jian_immortal_techniques,
          kennysheep_generic_room_7
D:4:      layout_rooms, amcnicky_altar_gilded, gammafunk_ghost_split,
          minmay_quadrilaterals
D:5:      layout_loops_ring, led_sif_pool, doesnt_xom_only_xom,
          makhleb_grotto_becter, grunt_temple_overflow_open, enter_ossuary_1,
          kennysheep_generic_room_16
D:6:      layout_layer_cave, minmay_temple_entry_gardened_gates,
          gammafunk_ghost_abyssal_escape
D:7:      nzn_winding_woodlands_medium [nzn_winding_woodlands_5x5_closed_star,
          nzn_winding_woodlands_5x15_pockets, nzn_winding_woodlands_5x5_cross,
          nzn_winding_woodlands_5x5_checkerboard,
          nzn_winding_woodlands_center_lodge,
          nzn_winding_woodlands_5x5_open_star, nzn_winding_woodlands_5x5_three,
          nzn_winding_woodlands_5x15_cabin, nzn_winding_woodlands_5x5_default],
          layout_basic, nicolae_vehumet_altar_sigil, corexii_leaking_fountain
Temple:   corrupted_temple

Skill      XL: |  1  2  3  4  5  6  7  8  9 |
---------------+----------------------------+-----
Fighting       | 4 5 6 7 8 |  8.3
Armour         | 4 5 6 7 8 |  8.3
Shields        | 4 5 6 7 |  7.1
Maces & Flails | 3 4 5 7 9 |  9.7

Action                   |  1- 3 |  4- 6 |  7- 9 || total
-------------------------+-------+-------+-------++-------
Melee: Flail             |    83 |   133 |   202 ||   418
       Headbutt          |    11 |    24 |    44 ||    79
  Use: Potion            |       |       |     1 ||     1
Armor: Scale mail        |    33 |    68 |   132 ||   233
Dodge: Dodged            |    41 |    86 |    70 ||   197
Block: Buckler           |    18 |    38 |    46 ||   102

Table legend: (Time is in decaauts)
 A = Elapsed time spent in this place.
 B = Non-inter-level travel time spent in this place.
 C = Inter-level travel time spent in this place.
 D = Time resting spent in this place.
 E = Time spent auto-exploring this place.
 F = Levels seen in this place.
 G = Mean time per level.
                   A        B        C        D        E       F      G
               +--------+--------+--------+--------+--------+-----+--------+
         Total |   7659 |   7141 |    518 |    496 |   5243 |   9 |  851.0 |
       Dungeon |   6917 |   6411 |    506 |     10 |   5113 |   7 |  988.1 |
        Temple |     93 |     81 |     12 |     43 |     18 |   1 |   93.0 |
       Ossuary |    648 |    648 |      0 |    443 |    112 |   1 |  648.0 |
               +--------+--------+--------+--------+--------+-----+--------+

Top non-repeatable levels by time:
     D:6: 1416 daAuts
     D:1: 1299 daAuts
     D:2: 1088 daAuts
     D:5: 1008 daAuts
     D:4: 872 daAuts
     D:3: 836 daAuts
 Ossuary: 648 daAuts
     D:7: 395 daAuts
  Temple: 93 daAuts
